 Dungeon Crawl Stone Soup version 0.14-a0-2443-g5aee772 (webtiles) character file.

965 HollowCharge the Covered (level 8, -2/54 HPs)
             Began as a Formicid Fighter on Feb 5, 2014.
             Was a Follower of the Shining One.
             Slain by an ogre
             ... wielding a +0,+0 giant club
              (20 damage)
             ... on Level 5 of the Dungeon.
             The game lasted 00:18:47 (4527 turns).

HollowCharge the Covered (Formicid Fighter)         Turns: 4527, Time: 00:18:47

HP  -2/54        AC 13     Str 22      XL: 8   Next: 28%
MP   8/8         EV  5     Int  7      God: the Shining One [*.....]
Gold 211         SH 21     Dex 16      Spells:  0 memorised,  7 levels left

rFire  . . .     SeeInvis +     a - +1,+0 falchion
rCold  . . .     Clarity  .     g - +1 chain mail
rNeg   . . .     Conserve .     c - +0 shield
rPois  x         rCorr    .     (helmet unavailable)
rElec  .         rRot     .     (no cloak)
SustAb . .       Spirit   .     (no gloves)
rMut   .         Warding  .     e - +0 pair of boots
Saprov . . .     Stasis   +     (no amulet)
MR     .....                    (no ring)
                                q - +4 ring of dexterity

@: glowing, not resistant to hostile enchantments, extremely unstealthy
A: permanent stasis, dig shafts and tunnels, four strong arms, poison weakness,
antennae 3, exoskeleton 1
a: Dig, Shaft Self, Renounce Religion


You were on level 5 of the Dungeon.
You worshipped the Shining One.
The Shining One was aware of your devotion.
You were hungry.

You visited 1 branch of the dungeon, and saw 5 of its levels.

You collected 211 gold pieces.

Inventory:

Hand weapons
 a - a +1,+0 falchion (weapon)
Armour
 c - a +0 shield (worn)
 e - a +0 pair of boots (worn)
 g - a +1 chain mail (worn)
Comestibles
 d - 2 bread rations
 f - a lemon
 m - 2 chunks of orc flesh
 r - an apple
Scrolls
 b - 2 scrolls of fog
 j - 2 scrolls of remove curse {unknown}
 l - a scroll of recharging
Jewellery
 q - a +4 ring of dexterity (left hand)
Potions
 h - a potion of resistance {unknown}
 i - a potion of curing
 k - a potion of poison {unknown}
 n - a potion of restore abilities {unknown}
 p - 3 potions of brilliance {unknown}
 x - a potion of porridge
Books
 u - a book of Battle

   Spells                             Type                      Level
   Infusion                           Charms                       1
   Shroud of Golubria                 Charms/Translocation         2
   Song of Slaying                    Charms                       2
   Spectral Weapon                    Hexes/Charms                 3
   Regeneration                       Charms/Necromancy            3


   Skills:
 + Level 4.2 Fighting
 * Level 5.6 Long Blades
 + Level 5.8 Armour
 - Level 1.2 Dodging
 - Level 0.6 Stealth
 + Level 4.7 Shields


You had 7 spell levels left.
You didn't know any spells.

Dungeon Overview and Level Annotations

Branches:
Dungeon (5/16)             Temple (0/1) D:4

Altars:
Dithmengos
Fedhas
Xom
The Shining One


Innate Abilities, Weirdness & Mutations

Your are under a permanent stasis effect.
You can dig through walls and to a lower floor.
Your four strong arms can wield any weapon, most with a shield.
You are susceptible to poison.
You have a pair of large antennae on your head (SInv).
Your body is surrounded by an exoskeleton. (AC +1)


Message History

The crimson imp is severely wounded.
The crimson imp hits you.
You are feeling hungry.
You slash the crimson imp!
You kill the crimson imp!
The Shining One accepts your kill.
An ogre and a phantom come into view.
The ogre shouts!
Found a shimmering altar of Xom.
There is a large open door here.
You hit the ogre.
The ogre is lightly wounded.
The ogre hits you with a giant club!
You hit the ogre but do no damage.
The ogre is lightly wounded.
The ogre hits you with a giant club!
You hit the ogre.
The ogre is lightly wounded.
The ogre hits you with a giant club!
You die...

......# #.# #.#
#....######..###
......# #.# #.#
#..### #.....#
...(..###.## #.#
####. ###...#
#####.##.... #.#
##.... ###.#
#.##.>..##.##_.....#
#.#
............#....#..
#.#
#.##....#...#..#....
#.#
............Op.......
#.#
.##........@........
#>#
#....#...#..#.....
#.# #....##.##....#..
#.# #.... #.# _.....#
#.# .... ..# ##.....
###.# ##### ##..
#...# # #####


You could see a phantom and an ogre.

Vanquished Creatures
  A phantom (D:4)
  An ogre (D:4)
  Sigmund (D:3)
  A crimson imp (D:5)
  A hound (D:4)
  3 orc wizards
  2 scorpions (D:4)
  An orc priest (D:4)
  2 worker ants
  Natasha (thrice) (D:5)
  A hound skeleton (D:3)
  6 adders
  A giant mite (D:5)
  5 giant geckos
  An ooze (D:3)
  18 orcs
  A ball python (D:2)
  9 bats
  10 hobgoblins
  A quokka (D:5)
  4 giant cockroaches
  4 giant newts
  13 goblins
  A goblin skeleton (D:4)
  3 jackals (D:4)
  13 kobolds
  9 rats
116 creatures vanquished.

Notes
Turn   | Place    | Note
--------------------------------------------------------------
     0 | D:1      | HollowCharge, the Formicid Fighter, began the quest for the Orb.
     0 | D:1      | Reached XP level 1. HP: 16/16 MP: 1/1
    67 | D:1      | Reached XP level 2. HP: 18/21 MP: 2/2
   830 | D:2      | Reached XP level 3. HP: 24/26 MP: 3/3
   859 | D:2      | Found a glowing golden altar of the Shining One.
   862 | D:2      | Became a worshipper of the Shining One
   893 | D:2      | Reached skill level 4 in Armour
  1228 | D:2      | Found a shadowy altar of Dithmengos.
  1293 | D:2      | Reached XP level 4. HP: 25/31 MP: 4/4
  1636 | D:3      | HP: 1/31 [orc/orcish flail (4)]
  1655 | D:3      | Reached skill level 1 in Dodging
  1655 | D:3      | Reached XP level 5. HP: 11/36 MP: 5/5
  2225 | D:3      | Noticed Sigmund
  2240 | D:3      | Killed Sigmund
  2240 | D:3      | Reached XP level 6. HP: 9/42 MP: 6/6
  2537 | D:3      | Reached skill level 5 in Armour
  2726 | D:4      | Acquired the Shining One's first power
  2776 | D:4      | Found a staircase to the Ecumenical Temple.
  2847 | D:4      | Reached XP level 7. HP: 43/46 MP: 7/7
  2902 | D:4      | Noticed an ogre
  2913 | D:4      | Killed an ogre
  3319 | D:4      | Reached skill level 5 in Long Blades
  3525 | D:4      | Noticed a phantom
  3553 | D:4      | Killed a phantom
  3553 | D:4      | Reached XP level 8. HP: 48/54 MP: 8/8
  4048 | D:5      | Entered Level 5 of the Dungeon
  4076 | D:5      | Noticed Natasha
  4080 | D:5      | Killed Natasha
  4198 | D:5      | Noticed Natasha
  4207 | D:5      | Killed Natasha
  4394 | D:5      | Noticed Natasha
  4399 | D:5      | Killed Natasha
  4515 | D:5      | Found a blossoming altar of Fedhas.
  4524 | D:5      | Found a shimmering altar of Xom.
  4527 | D:5      | Slain by an ogre

Action                   |  1- 3 |  4- 6 |  7- 9 || total
-------------------------+-------+-------+-------++-------
Melee: Falchion          |   112 |   198 |   176 ||   486
 Abil: Dig               |       |     1 |     1 ||     2
Evoke: Wand              |       |       |     1 ||     1
  Use: Potion            |       |     3 |     2 ||     5
       Scroll            |       |     3 |     8 ||    11
